Map: Acid Plant LE

Players

Neeb

  • Race: Protoss Protoss
  • Spawn Location: 11:00

Reynor - Winner!

  • Race: Zerg Zerg
  • Spawn Location: 5:00

Event: WCS Montreal 2018

VOD

Have the link to the VOD?

Description

Time

  • Played on: Sept. 8, 2018, 5:25 p.m.
  • Length: 12:10

All games in this series

Show
View Real Time Build Order
Export as new Build Order

Neeb Protoss 

Build Orders: 1 Gate Expand, Oracle Opening, Phoenix Opening, Archon Immortal, Zealot Archon, Archon Drop 

Get SALT Encoding   

  12  0:00  Probe  
  13  0:12  Probe  
  14  0:17  Pylon  
  14  0:25  Probe  
  15  0:34  Probe  
  15  0:36  Gateway  
  16  0:42  Probe  
  16  0:49  Assimilator  
  17  0:52  Probe  
  18  1:05  Probe  
  19  1:17  Probe  
  20  1:25  Nexus  
  20  1:35  Cybernetics Core  
  20  1:37  Probe  
  20  1:44  Assimilator  
  20  1:49  Probe  
  20  1:52  Pylon  
  21  2:00  Probe  
  21  2:02  Adept  
  21  2:08  Probe  
  25  2:16  Probe  
  25  2:22  Adept, Stargate  
  26  2:28  Probe  
  29  2:36  Probe  
  30  2:38  Warp Gate  
  30  2:40  Probe  
  31  2:45  Adept  
  31  2:48  Probe  
  34  2:52  Probe  
  35  3:00  Probe  
  35  3:03  Phoenix  
  35  3:04  Probe  
  37  3:06  Gateway  
  40  3:12  Probe  
  40  3:16  Probe  
  40  3:18  Pylon  
  41  3:20  Oracle  
  41  3:25  Probe  
  42  3:28  Probe  
  46  3:37  Assimilator, Probe  
  46  3:40  Assimilator, Probe  
  48  3:49  Probe  
  48  3:52  Robotics Facility  
  48  3:53  Probe  
  50  4:01  Probe  
  51  4:05  Probe  
  51  4:07  Twilight Council  
  52  4:11  Pylon  
  52  4:13  Probe  
  52  4:16  Pylon  
  53  4:17  Probe  
  54  4:28  Gateway x2  
  54  4:29  Warp Prism, Probe x2  
  56  4:41  Probe  
  59  4:50  Templar Archives  
  59  4:51  Probe  
  60  4:53  Adept x2  
  60  4:54  Probe  
  65  5:00  Pylon  
  67  5:17  Nexus  
  67  5:19  Pylon, Probe x2  
  69  5:26  Pylon  
  69  5:31  High Templar x4, Probe  
  69  5:34  Observer  
  78  5:36  Archon x2  
  78  5:37  Probe  
  78  5:43  Probe  
  78  5:44  Gateway  
  78  5:45  Gateway  
  78  5:47  Pylon  
  78  5:48  Immortal  
  80  5:50  Pylon  
  80  5:55  Probe  
  85  5:59  Probe  
  85  6:00  Robotics Facility  
  85  6:07  Probe  
  86  6:11  Forge  
  86  6:12  Probe  
  86  6:15  Sentry  
  86  6:16  Sentry, Zealot  
  93  6:19  Probe  
  93  6:20  Immortal  
  93  6:24  Probe  
  95  6:30  Probe  
  95  6:31  Probe  
  95  6:36  Probe  
  96  6:41  Immortal  
  96  6:42  Probe  
  96  6:44  Probe  
  96  6:45  Protoss Ground Weapons Level 1, Assimilator  
  97  6:47  Pylon  
  97  6:48  Probe  
  97  6:50  Assimilator  
  97  6:52  Immortal  
  102  6:56  Probe  
  107  7:11  Probe  
  107  7:12  High Templar  
  110  7:16  Gateway  
  110  7:20  Immortal, Gateway  
  110  7:22  Pylon  
  114  7:27  Zealot x4  
  116  7:31  Immortal, Probe  
  116  7:32  Zealot  
  116  7:35  Probe  
  116  7:36  Psionic Storm  
  116  7:45  High Templar  
  116  7:48  Charge  
  118  7:52  Photon Cannon  
  118  7:53  Warp Prism  
  118  7:56  Photon Cannon  
  118  7:58  Shield Battery  
  118  8:02  Pylon  
  118  8:05  High Templar x2  
  124  8:06  Zealot x3  
  124  8:07  Photon Cannon  
  124  8:10  Photon Cannon  
  130  8:15  Pylon  
  130  8:19  Immortal  
  134  8:22  High Templar  
  134  8:23  Probe  
  134  8:24  Probe x2  
  139  8:31  Photon Cannon  
  138  8:35  Immortal  
  140  8:43  High Templar  
  140  8:46  Pylon, Protoss Ground Weapons Level 2  
  140  8:48  Pylon  
  142  8:49  Pylon  
  142  8:52  Pylon  
  142  8:58  Immortal  
  142  9:10  Zealot  
  142  9:11  High Templar, Pylon, Zealot x4  
  142  9:12  High Templar  
  142  9:16  Archon  
  156  9:25  Nexus  
  156  9:30  High Templar  
  162  9:38  Immortal  
  166  9:39  Pylon  
  166  9:41  Pylon  
  166  9:49  Fleet Beacon  
  152  9:53  Stargate  
  152  9:55  Stargate  
  150  10:07  Zealot x8  
  169  10:34  Tempest, Zealot x3  
  169  10:35  Zealot x5  
  173  10:38  Tempest  
  157  10:47  Tempest  
  147  11:04  Zealot x3  
  152  11:15  Tempest  
  152  11:16  Assimilator  
  158  11:18  Nexus  
  158  11:24  High Templar x2, Immortal  
  162  11:30  Pylon, Archon  
  162  11:31  Pylon  
  156  11:48  Zealot x4  
  155  11:57  Zealot x3  
  137  12:01  Archon  
Show
View Real Time Build Order
Export as new Build Order

Reynor Zerg - Winner!

Build Orders: Hatch First, Brood Lord Corruptor, Roach Hydra 

Get SALT Encoding   

  12  0:00  Drone  
  13  0:12  Overlord  
  13  0:17  Drone  
  14  0:30  Drone x2  
  14  0:34  Drone  
  17  0:51  Hatchery  
  17  0:55  Drone  
  17  0:58  Drone  
  18  1:06  Drone  
  18  1:08  Extractor  
  18  1:17  Spawning Pool  
  17  1:21  Drone  
  18  1:27  Drone  
  19  1:41  Drone  
  20  1:58  Hatchery  
  19  2:04  Queen  
  19  2:08  Queen  
  23  2:11  Drone  
  24  2:17  Overlord  
  24  2:20  Drone  
  25  2:23  Drone  
  25  2:26  Drone  
  25  2:29  Zergling x2  
  28  2:36  Drone  
  29  2:37  Zergling x2  
  29  2:43  Queen  
  32  2:46  Metabolic Boost  
  32  2:50  Drone  
  33  2:55  Overlord  
  33  2:59  Zergling x2  
  33  3:02  Zergling x2  
  33  3:04  Drone  
  36  3:15  Zergling x2  
  36  3:16  Drone x4  
  41  3:25  Zergling x2  
  41  3:27  Drone, Overlord  
  42  3:28  Drone  
  42  3:30  Drone  
  45  3:35  Spore Crawler  
  45  3:37  Queen  
  45  3:39  Drone  
  47  3:41  Drone  
  47  3:44  Drone  
  47  3:46  Drone  
  50  3:49  Overlord  
  50  3:59  Spore Crawler  
  50  4:01  Spore Crawler  
  50  4:02  Drone x2  
  50  4:06  Lair  
  50  4:07  Drone x3  
  50  4:09  Drone  
  54  4:16  Overlord  
  54  4:18  Spore Crawler  
  54  4:20  Drone x3  
  54  4:22  Drone x2  
  58  4:27  Extractor  
  58  4:28  Drone  
  58  4:29  Overlord  
  58  4:35  Drone  
  58  4:36  Drone x2, Roach Warren  
  60  4:38  Drone  
  60  4:40  Drone  
  60  4:42  Drone x2  
  64  4:46  Drone x2  
  65  4:56  Queen  
  67  5:00  Extractor  
  64  5:12  Overlord  
  62  5:16  Roach x5  
  62  5:18  Overlord  
  62  5:20  Glial Reconstitution  
  72  5:24  Overlord  
  72  5:29  Overlord  
  72  5:33  Overlord  
  72  5:36  Overlord  
  72  5:39  Roach x4  
  72  5:41  Drone  
  72  5:42  Overlord  
  81  5:44  Drone x7  
  81  5:48  Drone  
  81  5:49  Evolution Chamber  
  88  5:54  Roach  
  88  5:55  Roach  
  92  5:57  Drone x2  
  92  5:58  Drone x2  
  92  5:59  Drone x2  
  92  6:00  Extractor  
  92  6:02  Extractor, Drone  
  97  6:05  Drone  
  97  6:10  Overlord  
  98  6:14  Overseer  
  98  6:18  Roach x2  
  102  6:19  Drone x3  
  102  6:22  Overlord  
  100  6:33  Zerg Missile Weapons Level 1  
  100  6:34  Drone x3  
  100  6:35  Extractor, Drone x2  
  100  6:36  Overlord  
  100  6:38  Drone x2  
  100  6:39  Roach x2  
  110  6:40  Infestation Pit  
  110  6:43  Hatchery, Overlord  
  107  6:50  Hydralisk Den  
  106  6:56  Overlord  
  106  7:07  Drone x12  
  119  7:08  Drone x2  
  119  7:14  Spire  
  118  7:17  Hive  
  118  7:18  Hydralisk x3  
  124  7:23  Hydralisk  
  124  7:24  Hydralisk x2  
  124  7:27  Roach x2  
  134  7:31  Hydralisk x2  
  134  7:34  Hydralisk  
  138  7:39  Hydralisk x3  
  136  7:45  Extractor  
  136  7:48  Muscular Augments  
  136  7:50  Hydralisk, Extractor  
  136  7:55  Drone  
  136  7:56  Drone x2  
  136  7:57  Roach x4  
  147  8:02  Overlord  
  147  8:09  Hydralisk x3  
  153  8:16  Drone x3  
  153  8:19  Spine Crawler x2  
  154  8:20  Spine Crawler  
  153  8:27  Overlord  
  153  8:36  Hydralisk x5, Greater Spire  
  153  8:37  Zerg Missile Weapons Level 2  
  161  8:56  Hydralisk x4  
  161  8:59  Grooved Spines  
  169  9:03  Spine Crawler x2  
  169  9:04  Spine Crawler  
  169  9:08  Overlord  
  166  9:13  Overlord  
  166  9:16  Corruptor x6  
  178  9:24  Corruptor x2  
  178  9:28  Drone x2, Spine Crawler x2  
  178  9:29  Spine Crawler  
  179  10:05  Brood Lord x6  
  191  10:11  Spine Crawler x2  
  191  10:12  Brood Lord  
  191  10:15  Spine Crawler  
  191  10:19  Brood Lord  
  192  10:25  Spine Crawler x3  
  192  10:26  Spine Crawler  
  188  10:31  Queen  
  176  10:50  Corruptor x3  
  178  10:58  Hatchery  
  178  11:03  Hydralisk x10  
  189  11:09  Hatchery  
  166  11:11  Hydralisk x3  
  166  11:15  Overseer  
  172  11:19  Hydralisk x2  
  172  11:20  Hydralisk  
  178  11:33  Hydralisk x3  
  178  11:34  Hydralisk  
Tags
 
Add a new tag
Caveats
  • Supply blocks, unpowered buildings, or Contaminate may cause inaccurate times.
  • Supply counts are checked every 10 seconds.